 Dungeon Crawl Stone Soup version 0.27.1 (webtiles) character file.

Game seed: 2658976740749238693

65 funkygono the Firebug (level 4, 0/24 HPs)
             Began as a Gargoyle Fire Elementalist on Sept 5, 2021.
             Killed from afar by a white imp (7 damage)
             ... with a puff of frost
             ... summoned by Natasha
             ... on level 2 of the Dungeon.
             The game lasted 00:03:08 (1681 turns).

funkygono the Firebug (Gargoyle Fire Elementalist)  Turns: 1681, Time: 00:03:09

Health: 0/24       AC:  5    Str: 12    XL:     4   Next: 13%
Magic:  1/8        EV: 12    Int: 16    God:
Gold:   83         SH:  0    Dex: 10    Spells: 7/8 levels left

rFire    + . .     SeeInvis .   e - staff of fire
rCold    . . .     Faith    .   (no shield)
rNeg     + . .     Spirit   .   a - +0 robe
rPois    ∞         Reflect  .   (no helmet)
rElec    +         Harm     .   (no cloak)
rCorr    .         Rampage  .   (no gloves)
Will     .....                  (no boots)
Stlth    ++........             (no amulet)
HPRegen  0.08/turn              (no ring)
MPRegen  0.11/turn              (no ring)

@: very slightly contaminated
A: sickness immunity, AC +3, negative energy resistance 1, electricity
resistance, torment resistance 1, petrification resistance
a: no special abilities


You were on level 2 of the Dungeon.
You visited 1 branch of the dungeon, and saw 2 of its levels.

You collected 83 gold pieces.

Inventory:

Hand Weapons
 b - a +0 whip
Missiles
 c - 9 stones
Armour
 a - a +0 robe (worn)
 f - a +0 tower shield
Magical Staves
 e - a staff of fire (weapon)
Jewellery
 d - an amulet of guardian spirit
Wands
 l - a wand of flame (17)
Scrolls
 h - a scroll of enchant weapon {unknown}
 i - a scroll of acquirement {unknown}
 j - a scroll of teleportation {unknown}
 k - a scroll of identify {unknown}
Potions
 g - a potion of degeneration {unknown}


   Skills:
 + Level 0.1 Fighting
 + Level 1.8 Dodging
 - Level 2.1 Stealth
 * Level 2.7 Spellcasting
 * Level 2.0 Conjurations
 * Level 3.8 Fire Magic


You had 7 spell levels left.
You knew the following spells:

 Your Spells              Type           Power      Damage    Failure   Level
a - Foxfire               Conj/Fire      68%        2x1d7     6%          1

Your spell library contained the following spells:

 Spells                   Type           Power      Damage    Failure   Level
 Conjure Flame            Conj/Fire      17%        6-21      17%         3
 Inner Flame              Hex/Fire       12%        N/A       26%         3
 Sticky Flame             Conj/Fire      17%        2d4       50%         4
 Fireball                 Conj/Fire      8%         3d6       85%         5


Dungeon Overview and Level Annotations

Branches:
Dungeon (2/15)

Altars:

Annotations:
D:2 Natasha


Innate Abilities, Weirdness & Mutations

You are immune to sickness and miasma.
Your stone body is resilient. (AC +3)
You are immune to poison.
You resist negative energy. (rN+)
You are resistant to electric shocks. (rElec)
You are resistant to unholy torment.
You are immune to petrification.


Message History

The hobgoblin is almost dead.
The foxfire hits the crimson imp.
The crimson imp completely resists.
Unknown command.
Casting: Foxfire (safe; 6% risk of failure)
Confirm with . or Enter, or press ? or * to list all spells.
You feel a surge of power!
You miscast Foxfire.
Nothing appears to happen.
The hobgoblin closely misses you.
The crimson imp hits you but does no damage.
Unknown command.
Casting: Foxfire (safe; 6% risk of failure)
Confirm with . or Enter, or press ? or * to list all spells.
You feel a surge of power!
You conjure some foxfire!
The shadow imp misses you. The hobgoblin barely misses you.
The crimson imp misses you.
Unknown command.
The foxfire hits the hobgoblin but does no damage.
The hobgoblin is almost dead.
The foxfire hits the crimson imp.
The crimson imp completely resists.
The shadow imp gestures at you. Pain shoots through your body!
Casting: Foxfire (safe; 6% risk of failure)
Confirm with . or Enter, or press ? or * to list all spells.
You feel a surge of power!
You conjure some foxfire!
The hobgoblin barely misses you.
The crimson imp blinks!
Natasha casts a spell at you. You resist with some effort.
Unknown command.
The foxfire hits the hobgoblin!
You kill the hobgoblin!
The foxfire hits the white imp!
The white imp is burned terribly!
The white imp is severely wounded.
Natasha casts a spell at you. The magic dart hits you.
* * * LOW HITPOINT WARNING * * *
The white imp puffs mist at you.
The white imp hits you but does no damage.
The shadow imp shouts, "Scamper hence, thou pox-marked tip-merry cross-patch!"
The crimson imp blinks!
The white imp barely misses you. The white imp gestures at you.
The puff of frost hits you!
You die...

# #######.#.......#######.#
# #######
#.#...###########.# #
.......##.#.§.#...........#
#
........#.#...#.###########
# ........#.....#.# #
..............#.# #
.......##...55h.# # #######
#.##..#####.# #
#.##.@......# #
#.##..######## #
#.##.>........ #
#.###.######## # ..# #.# #
#######.# # #.......# #
#.####### # #.#


You could see Natasha, a white imp (summoned) and a shadow imp (summoned).

Vanquished Creatures
  Natasha (D:2)
  A worm (D:2)
  2 dart slugs
  3 ball pythons
  4 endoplasms
  3 giant cockroaches (D:1)
  2 goblins
  4 hobgoblins
  4 kobolds (D:1)
  A bat (D:2)
  A frilled lizard (D:1)
  5 rats
31 creatures vanquished.

Vanquished Creatures (others)
  100 foxfires
100 creatures vanquished.

Grand Total: 131 creatures vanquished

Notes
Turn   | Place    | Note
-------+----------+-------------------------------------------
     0 | D:1      | funkygono the Gargoyle Fire Elementalist began the quest
                  | for the Orb.
     0 | D:1      | Reached XP level 1. HP: 10/10 MP: 3/3
   240 | D:1      | Reached XP level 2. HP: 13/15 MP: 1/5
  1052 | D:2      | Reached XP level 3. HP: 19/19 MP: 0/6
  1349 | D:2      | Noticed Natasha
  1356 | D:2      | Killed Natasha
  1357 | D:2      | Reached XP level 4. HP: 19/24 MP: 0/8
  1661 | D:2      | Noticed Natasha
  1681 | D:2      | Killed from afar by a white imp

Illustrated notes

Levels and vault maps discovered:
D:1:      minmay_arrival_cross, layout_loops_ring
D:2:      layout_basic, minmay_misc_feat_alley, uniq_natasha

Skill      XL: |  1  2  3 |
---------------+----------+-----
Conjurations   | 2 |  2.0
Fighting       | |  0.1
Dodging        | |  1.8
Stealth        | |  2.1
Spellcasting   | |  2.7
Fire Magic     | |  3.8

Action                   |  1- 3 |  4- 6 || total
-------------------------+-------+-------++-------
Melee: Whip              |     5 |       ||     5
 Cast: Foxfire           |    52 |     8 ||    60
Armor: Robe              |     5 |     7 ||    12
Dodge: Dodged            |     8 |    12 ||    20
